 Dungeon Crawl Stone Soup version 0.18-a0-629-g16988c9 (webtiles) character file.

213979 Arkorax the Brawler (level 18, -10/193 HPs)
             Began as a Troll Fighter on Dec 3, 2015.
             Was the Champion of Ashenzari.
             Mangled by an eight-headed hydra (13 damage)
             ... on level 1 of the Swamp on Dec 4, 2015.
             The game lasted 01:33:54 (33945 turns).

Arkorax the Brawler (Troll Fighter)                Turns: 33945, Time: 01:33:54

Health: -10/193    AC:  0    Str: 29    XL:     18   Next: 28%
Magic:  17/17      EV: 14    Int:  8    God:    Ashenzari [******]
Gold:   1664       SH:  0    Dex: 11    Spells: 1 memorised, 11 levels left

rFire  . . .     SeeInvis +       - Unarmed
rCold  . . .     Clarity  +     (armour currently unavailable)
rNeg   . . .     SustAt   .     (shield currently unavailable)
rPois  .         Gourm    +     (helmet currently unavailable)
rElec  .         Spirit   .     (cloak currently unavailable)
rCorr  +         Dismiss  .     (gloves unavailable)
rMut   .         Stasis   .     (boots unavailable)
MR     +....                    e - amulet of resist corrosion
Stlth  +.........               (ring currently unavailable)
                                (ring currently unavailable)

@: about to teleport, pig-form, very slightly contaminated, hasted and slowed,
glowing, very quick, somewhat resistant to hostile enchantments, very unstealthy
A: unfitting armour, (claws 0), fast metabolism 3, gourmand, regeneration 2,
(shaggy fur 0), (tough skin 0)
a: Scrying, Transfer Knowledge, Renounce Religion
}: 1/15 runes: serpentine


You were on level 1 of the Swamp.
You worshipped Ashenzari.
Ashenzari was exalted by your worship.
You were hungry.
You were a filthy swine.
You visited 5 branches of the dungeon, and saw 32 of its levels.
You also visited: Volcano.

You collected 3281 gold pieces.
You spent 1617 gold pieces at shops.

Inventory:

Hand Weapons
 P - a +1 demon whip of flaming
Armour
 q - a cursed +0 large shield of protection
 t - a +0 cloak (melded)
 x - the cursed +7 large shield of Least Resistance (melded) {rF+ MP-9 Slay+5 Stlth+}
   (You found it on level 8 of the Lair of Beasts)

   It affects your accuracy and damage with ranged weapons and melee attacks
   (+5).
   It protects you from fire.
   It affects your magic capacity (-9).
   It makes you more stealthy.
   It has a curse placed upon it.
 G - the +2 troll leather armour of the Turtle (melded) {rPois Regen+ MP+9 SInv Stlth-}
   (You bought it in a shop on level 1 of the Snake Pit)

   It protects you from poison.
   It affects your magic capacity (+9).
   It lets you see invisible.
   It increases your rate of regeneration.
   It makes you less stealthy.
Jewellery
 a - a cursed ring of protection from magic (melded)
 e - an amulet of resist corrosion (around neck)
 h - a cursed ring of wizardry
 n - a +2 ring of protection
 r - an uncursed ring of magical power
 J - a cursed +6 ring of evasion (melded)
 T - an uncursed ring of sustain attributes
Wands
 F - a wand of invisibility (2)
 K - a wand of digging (3)
Scrolls
 f - 4 scrolls of enchant weapon
 k - 6 scrolls of amnesia
 p - 3 scrolls of magic mapping
 u - 7 scrolls of remove curse
 y - 6 scrolls of recharging
 D - a scroll of teleportation
 E - a scroll of fog {unknown}
 M - 2 scrolls of identify
 N - a scroll of summoning
 O - a scroll of silence {unknown}
 Z - 3 scrolls of fear
Potions
 b - 2 potions of haste
 g - 3 potions of flight
 i - 5 potions of resistance
 j - 4 potions of curing
 l - 2 potions of ambrosia
 m - 3 potions of cancellation
 s - a potion of mutation
 w - 3 potions of poison
 B - 2 potions of berserk rage
 H - 3 potions of brilliance
 R - 3 potions of magic
 S - 3 potions of cure mutation
 U - a potion of agility
 Y - 3 potions of might
Books
 L - a book of the Sky

   Spells                             Type                      Level
   a - Summon Lightning Spire         Summoning/Air                4
   b - Airstrike                      Air                          4
   c - Silence                        Hexes/Air                    5
   d - Deflect Missiles               Charms/Air                   6
   e - Conjure Ball Lightning         Conjuration/Air              6
   f - Tornado                        Air                          9
Comestibles
 c - 7 fruits
 d - 6 bread rations
 o - 4 slices of pizza
 z - 3 royal jellies
 A - 6 meat rations
 I - 14 beef jerkies


   Skills:
 - Level 15.0 Fighting
 - Level 2.4 Dodging
 - Level 13.0(15.6) Shields
 - Level 16.5 Unarmed Combat
 + Level 9.3(12.2) Transmutations
 + Level 12.3(15.0) Earth Magic


You had 11 spell levels left.
You knew the following spells:

 Your Spells              Type           Power        Failure   Level  Hunger
a - Statue Form           Trmt/Erth      ###......    28%         6    #######


Dungeon Overview and Level Annotations

Branches:
Dungeon (15/15)            Temple (0/1) D:7            Lair (8/8) D:10
  Swamp (1/4) Lair:4        Snake (4/4) Lair:3        Slime (0/6) Lair:6
    Orc (4/4) D:12         Vaults (0/5) D:13         Depths (0/5) D:15
    Elf: Orc:3-4

Altars:
Ashenzari
Cheibriados
Dithmenos
Fedhas
Makhleb
Nemelex Xobeh
Okawaru
Qazlal
Trog
Vehumet
Xom
Yredelemnul
Zin
Beogh
Jiyva

Shops:
Orc:4 :!**   Snake:1 [

Annotations:
D:4 Lektor's ghost, amateur DsGl
Swamp:1 Kirke


Innate Abilities, Weirdness & Mutations

You are too large for most types of armour.
((You have claws for hands.))
Your metabolism is lightning-fast.
You like to eat raw meat.
You heal very quickly.
((You are covered in fur (AC +1).))
((You have very tough skin (AC +2).))


Message History

Read which item? (? for menu, Esc to quit)
Okay, then.
Drink which item? (? for menu, Esc to quit)
You feel yourself speed up.
You are very lightly contaminated with residual magic.
You enter the shallow water.
Moving in this stuff is going to be slow.
The eight-headed hydra bites you! x2
* * * LOW HITPOINT WARNING * * *
The eight-headed hydra bites you!
* * * LOW HITPOINT WARNING * * *
The eight-headed hydra closely misses you.
The eight-headed hydra bites you!
* * * LOW HITPOINT WARNING * * *
The eight-headed hydra bites you!
* * * LOW HITPOINT WARNING * * *
The eight-headed hydra bites you!
* * * LOW HITPOINT WARNING * * *
The eight-headed hydra bites you!
You die...

♣..≈..♣.≈≈≈...
♣♣♣≈..♣♣≈≈≈≈≈.
♣♣.≈.♣♣♣.≈≈≈
♣..≈.♣ ♣♣.≈≈
♣♣≈.≈♣♣♣♣...
♣♣♣♣♣♣♣..§♣≈♣♣.≈
♣♣.♣.♣≈.≈≈.≈♣♣♣.≈
♣♣.≈≈...≈≈≈..≈♣♣..
♣hD≈≈≈..≈≈≈..†...≈
♣♣≈♣≈♣≈≈≈≈≈≈....≈≈
♣≈≈≈≈♣≈≈≈≈≈.♣♣≈≈≈
♣♣≈≈≈≈≈♣≈≈≈≈♣♣♣♣..
♣≈≈≈≈≈≈≈...♣♣♣≈..≈
♣♣≈≈≈≈≈♣....♣...≈≈
♣≈≈≈≈≈..§...≈).≈≈
♣♣♣≈≈.≈..(≈≈≈≈≈≈≈
♣♣♣♣..≈≈§...≈≈≈


You could see an eight-headed hydra.

Vanquished Creatures
  Vashnia (Snake:4)
  Asterion (Snake:4)
  12 greater nagas
  An orc warlord (Orc:4)
  Maud (Lair:5)
  Aizul (Snake:3)
  Louise (Snake:3)
  A spark wasp (shapeshifter) (D:15)
  Snorg (Orc:2)
  Josephine (Lair:5)
  The ghost of ReteAZ the Severer, a journeyman HOFi of Zin (D:11)
  16 naga warriors
  A rakshasa (D:13)
  23 anacondas
  3 catoblepae (Lair:8)
  8 hydras
  Erica (D:11)
  The ghost of Arkorax the Nimble, a journeyman TeGl of Okawaru (D:10)
  The ghost of P0WERM0DE the Fighter, a novice DsSk of Ru (D:11)
  4 centaur warriors
  16 death yaks (Lair:8)
  2 tengu warriors (D:14)
  Urug (D:10)
  4 orc high priests (Orc:4)
  16 naga sharpshooters
  3 shock serpents
  Nergalle (D:11)
  A hell knight (Volcano)
  The ghost of Proton the Shield-Bearer, a novice FoFi of Cheibriados (D:8)
  A skeletal warrior (D:13)
  A sea snake (Snake:4)
  2 unseen horrors (D:15)
  3 salamander mystics
  A shambling mangrove (Swamp:1)
  10 naga ritualists
  8 hill giants
  Pikel (D:7)
  10 mana vipers
  3 orc sorcerers (Orc:4)
  A giant orange brain (D:15)
  A wolf spider zombie (D:11)
  5 orc knights
  12 salamanders
  9 ugly things
  3 manticores
  3 toenail golems (Volcano)
  A guardian serpent (shapeshifter) (D:15)
  4 centaur zombies
  A cyclops (D:15)
  25 elephants
  16 guardian serpents
  22 naga magi
  Joseph (D:7)
  30 black mambas
  A gargoyle (D:15)
  2 molten gargoyles (Volcano)
  2 torpor snails
  7 komodo dragons
  11 spiny frogs
  2 tengu conjurers
  4 yaktaurs (D:13)
  8 trolls
  A freezing wraith (D:14)
  4 giant leeches (Swamp:1)
  A polar bear (Lair:7)
  Prince Ribbit (D:5)
  A boulder beetle (Lair:6)
  8 slime creatures
  14 blink frogs
  5 two-headed ogres
  2 bog bodies (Swamp:1)
  A hornet zombie (D:15)
  2 wyverns
  3 shadows
  7 wraiths
  5 deep elf magi
  49 yaks
  Eustachio (D:5)
  A trapdoor spider (D:8)
  A golden eye (shapeshifter) (D:15)
  2 hogs (Swamp:1)
  A hog (shapeshifter) (D:15)
  3 basilisks
  11 hippogriffs
  6 hungry ghosts
  The ghost of feamirim the Chopper, an amateur DsBe of Trog (D:3)
  70 nagas
  2 soldier ants
  5 insubstantial wisps
  7 swamp worms (Swamp:1)
  A warg (Orc:4)
  11 vampire mosquitoes
  A soldier ant (shapeshifter) (D:15)
  9 wolves
  12 porcupines
  19 water moccasins
  A black bear (Lair:2)
  A hell hound (Volcano)
  43 orc warriors
  2 necrophages
  An eye of draining (D:14)
  2 ice beasts
  4 wasps
  4 sky beasts
  2 phantoms
  2 swamp drakes (Swamp:1)
  An eye of draining (shapeshifter) (D:13)
  13 ogres
  11 centaurs
  12 crocodiles
  3 big kobolds
  17 giant frogs
  3 scorpions
  2 vampire bats (Lair:1)
  10 killer bees
  7 wights
  6 crimson imps
  6 lava snakes
  A giant frog zombie (D:13)
  36 orc priests
  A quasit (D:10)
  8 centaur skeletons
  3 jellies
  28 orc wizards
  4 giant frog skeletons
  A wasp zombie (D:9)
  Crazy Yiuf (D:2)
  6 hounds
  4 hell rats (Lair:7)
  Natasha (D:3)
  14 iguanas
  8 worker ants
  14 sheep
  A killer bee zombie (D:6)
  4 hound skeletons
  2 worker ant zombies
  16 adders
  60 river rats
  3 shadow imps
  An adder zombie (D:6)
  2 adder skeletons
  3 worms
  6 giant geckos
  181 orcs
  4 ball pythons
  11 bats
  8 giant cockroaches
  8 goblins
  6 hobgoblins
  10 jackals
  20 kobolds
  3 quokkas
  2 giant cockroach zombies
  2 giant newts
  A jackal skeleton (D:5)
  A quokka zombie (D:9)
  11 rats
  3 fungi
  A plant (Lair:8)
1257 creatures vanquished.

Vanquished Creatures (others)
  An ogre (D:7)
  2 river rats (Lair:4)
  11 fungi
  10 plants
24 creatures vanquished.

Grand Total: 1281 creatures vanquished

Notes
Turn   | Place    | Note
--------------------------------------------------------------
     0 | D:1      | Arkorax the Troll Fighter began the quest for the Orb.
     0 | D:1      | Reached XP level 1. HP: 22/22 MP: 0/0
   144 | D:1      | Reached XP level 2. HP: 29/29 MP: 1/1
   542 | D:1      | Reached XP level 3. HP: 32/36 MP: 2/2
   811 | D:2      | Reached skill level 3 in Shields
  1003 | D:2      | Reached XP level 4. HP: 43/45 MP: 3/3
  1151 | D:2      | Found a shattered altar of Ashenzari.
  1155 | D:2      | Saw a vision of the Swamp and the Snake Pit.
  1155 | D:2      | Noticed a swamp drake
  1155 | D:2      | Noticed a swamp drake
  1155 | D:2      | Noticed an alligator
  1155 | D:2      | Noticed a water moccasin
  1155 | D:2      | Noticed a black mamba
  1155 | D:2      | Noticed a guardian serpent
  1155 | D:2      | Noticed a naga ritualist
  1155 | D:2      | Noticed a black mamba
  1155 | D:2      | Noticed a shock serpent
  1156 | D:2      | Noticed a shock serpent
  1156 | D:2      | Noticed a naga
  1157 | D:2      | Noticed a naga
  1160 | D:2      | Became a worshipper of Ashenzari the Shackled
  1246 | D:2      | Noticed Crazy Yiuf
  1260 | D:2      | Killed Crazy Yiuf
  1424 | D:3      | Noticed feamirim's ghost (amateur DsBe)
  1783 | D:4      | Noticed Lektor's ghost (amateur DsGl)
  1818 | D:3      | Killed feamirim's ghost
  1818 | D:3      | Reached skill level 4 in Shields
  1818 | D:3      | Reached XP level 5. HP: 31/53 MP: 4/4
  1967 | D:3      | Noticed Natasha
  1972 | D:3      | Killed Natasha
  1972 | D:3      | Reached XP level 6. HP: 58/62 MP: 5/5
  2290 | D:4      | Reached XP level 7. HP: 54/70 MP: 6/6
  2387 | D:4      | Reached skill level 5 in Shields
  2563 | D:5      | Entered Level 5 of the Dungeon
  2634 | D:5      | Found an iron altar of Okawaru.
  2634 | D:5      | Found a burning altar of Makhleb.
  2701 | D:5      | Found a snail-covered altar of Cheibriados.
  2703 | D:5      | Noticed Eustachio
  2721 | D:5      | Killed Eustachio
  2781 | D:5      | Noticed Prince Ribbit
  2820 | D:5      | Killed Prince Ribbit
  2820 | D:5      | Reached skill level 5 in Unarmed Combat
  2820 | D:5      | Reached XP level 8. HP: 47/79 MP: 7/7
  2984 | D:5      | Reached * piety under Ashenzari
  3315 | D:6      | Reached skill level 6 in Shields
  3341 | D:6      | Reached skill level 5 in Fighting
  4016 | D:7      | Found a staircase to the Ecumenical Temple.
  4034 | D:7      | Noticed Pikel
  4059 | D:7      | Killed Pikel
  4059 | D:7      | Reached skill level 7 in Shields
  4059 | D:7      | Reached XP level 9. HP: 61/89 MP: 8/8
  4209 | D:7      | Noticed Joseph
  4231 | D:7      | Killed Joseph
  4401 | D:7      | Reached ** piety under Ashenzari
  5325 | D:8      | Noticed Proton's ghost (novice FoFi)
  5346 | D:8      | Killed Proton's ghost
  5346 | D:8      | Reached skill level 8 in Unarmed Combat
  5397 | D:8      | Reached XP level 10. HP: 91/102 MP: 9/9
  6136 | D:9      | Reached skill level 9 in Unarmed Combat
  6204 | D:9      | Found a bloodstained altar of Trog.
  6636 | D:9      | Found a shadowy altar of Dithmenos.
  6643 | D:9      | Found a basalt altar of Yredelemnul.
  6643 | D:9      | Found a sparkling altar of Nemelex Xobeh.
  6643 | D:9      | Found a blossoming altar of Fedhas.
  6645 | D:9      | Found a shattered altar of Ashenzari.
  6646 | D:9      | Found a radiant altar of Vehumet.
  6647 | D:9      | Found a glowing silver altar of Zin.
  6648 | D:9      | Found a stormy altar of Qazlal.
  7011 | D:10     | Entered Level 10 of the Dungeon
  7011 | D:10     | Noticed Arkorax's ghost (journeyman TeGl)
  7250 | D:10     | Reached *** piety under Ashenzari
  7255 | D:10     | Noticed Urug
  7310 | D:10     | Killed Arkorax's ghost
  7310 | D:10     | Reached skill level 10 in Unarmed Combat
  7355 | D:10     | Found a staircase to the Lair.
  7530 | D:10     | Reached XP level 11. HP: 112/115 MP: 10/10
  7822 | D:10     | Killed Urug
  8057 | Lair:1   | Entered Level 1 of the Lair of Beasts
  8207 | Lair:1   | Reached skill level 11 in Unarmed Combat
  8401 | Lair:1   | Found a dark tunnel.
  8406 | Volcano  | Entered a volcano
  8694 | Volcano  | Found a radiant altar of Vehumet.
  8694 | Volcano  | Noticed a hell knight
  8783 | Volcano  | Killed a hell knight
  8802 | Volcano  | Reached skill level 10 in Fighting
  8930 | Volcano  | Learned a level 6 spell: Statue Form
  9648 | Lair:2   | Reached skill level 12 in Unarmed Combat
  9797 | Lair:2   | Reached XP level 12. HP: 86/128 MP: 11/11
  9951 | Lair:2   | Reached **** piety under Ashenzari
 10665 | Lair:3   | Found a staircase to the Snake Pit.
 10744 | Lair:3   | Noticed a five-headed hydra
 10756 | Lair:3   | Killed a nine-headed hydra
 11353 | Lair:4   | Found a staircase to the Swamp.
 11462 | Lair:4   | Reached skill level 13 in Unarmed Combat
 12296 | Lair:5   | Reached ***** piety under Ashenzari
 12326 | Lair:5   | Noticed a seven-headed hydra
 12333 | Lair:5   | Killed an 11-headed hydra
 12621 | Lair:5   | Reached skill level 14 in Unarmed Combat
 12626 | Lair:5   | Reached XP level 13. HP: 141/141 MP: 12/12
 13109 | Lair:6   | Noticed Josephine
 13109 | Lair:6   | Noticed Maud
 13128 | Lair:5   | Killed Maud
 13160 | Lair:5   | Killed Josephine
 13544 | Lair:6   | Found a viscous altar of Jiyva.
 13545 | Lair:6   | Found a staircase to the Slime Pits.
 14741 | Lair:7   | Reached skill level 15 in Unarmed Combat
 15461 | Lair:8   | Entered Level 8 of the Lair of Beasts
 15494 | Lair:7   | Reached skill level 1 in Earth Magic
 16281 | Lair:8   | Reached XP level 14. HP: 154/154 MP: 13/13
 16603 | Lair:8   | Reached skill level 5 in Earth Magic
 16997 | Lair:8   | Identified the +7 large shield of Least Resistance {rF+ MP-9 Slay+5 Stlth+}
 17517 | Lair:1   | Upgraded the game from 0.18-a0-514-ga7d9996 to 0.18-a0-629-g16988c9
 17564 | D:11     | Noticed Nergalle
 17598 | D:11     | Killed Nergalle
 17656 | D:11     | Noticed Erica
 17668 | D:11     | Killed Erica
 17700 | D:11     | Noticed ReteAZ's ghost (journeyman HOFi)
 17718 | D:11     | Killed ReteAZ's ghost
 17821 | D:11     | Noticed P0WERM0DE's ghost (novice DsSk)
 17868 | D:11     | Killed P0WERM0DE's ghost
 18986 | D:12     | Reached ****** piety under Ashenzari
 19238 | D:12     | Reached skill level 10 in Shields
 19274 | D:12     | Found a roughly hewn altar of Beogh.
 19274 | D:12     | Found a staircase to the Orcish Mines.
 20181 | D:13     | Reached XP level 15. HP: 163/163 MP: 5/14
 20743 | D:13     | Found a gate to the Vaults.
 21581 | D:15     | Entered Level 15 of the Dungeon
 22418 | D:15     | Found a staircase to the Depths.
 22753 | Snake:1  | Entered Level 1 of the Snake Pit
 23010 | Orc:1    | Entered Level 1 of the Orcish Mines
 23496 | Orc:2    | Found a roughly hewn altar of Beogh.
 23636 | Orc:2    | Noticed Snorg
 23649 | Orc:2    | Killed Snorg
 24285 | Orc:4    | Entered Level 4 of the Orcish Mines
 24430 | Orc:4    | Identified a scroll of acquirement
 24918 | Orc:4    | Found Gufif's Book Shop.
 24930 | Orc:4    | Reached XP level 16. HP: 168/174 MP: 6/15
 24954 | Orc:4    | Found a roughly hewn altar of Beogh.
 24972 | Orc:4    | Found Heloguph's Distillery.
 25003 | Orc:4    | Bought 2 potions of resistance for 240 gold pieces
 25003 | Orc:4    | Bought a potion of heal wounds for 60 gold pieces
 25003 | Orc:4    | Bought a potion of heal wounds for 60 gold pieces
 25003 | Orc:4    | Bought a potion of resistance for 120 gold pieces
 25003 | Orc:4    | Bought a potion of heal wounds for 60 gold pieces
 25040 | Orc:4    | Reached skill level 16 in Unarmed Combat
 25394 | Orc:4    | Found a roughly hewn altar of Beogh.
 25395 | Orc:4    | Found Votize's Assorted Antiques.
 25412 | Orc:4    | Bought a scroll of blinking for 232 gold pieces
 25417 | Orc:4    | Found Jujuos's Assorted Antiques.
 25422 | Orc:4    | Bought a potion of heal wounds for 165 gold pieces
 26077 | Snake:1  | Found Gosim's Antique Armour Shop.
 26561 | Snake:1  | Bought a garnet-encrusted troll leather armour for 680 gold pieces
 26571 | Snake:1  | Identified the +2 troll leather armour of the Turtle {rPois Regen+ MP+9 SInv Stlth-} (You bought it in a shop on level 1 of the Snake Pit)
 26799 | Snake:1  | Found a shimmering altar of Xom.
 27661 | Snake:2  | Reached skill level 15 in Fighting
 27782 | Snake:2  | Reached skill level 1 in Transmutations
 29918 | Snake:4  | Entered Level 4 of the Snake Pit
 30181 | Snake:4  | Reached XP level 17. HP: 171/184 MP: 16/16
 30239 | Snake:4  | Reached skill level 5 in Transmutations
 30377 | Snake:4  | Noticed Aizul
 30378 | Snake:4  | Noticed Louise
 30409 | Snake:3  | Killed Aizul
 30484 | Snake:3  | Killed Louise
 30945 | Snake:4  | Noticed Vashnia
 30968 | Snake:4  | Noticed Asterion
 30978 | Snake:4  | Killed Asterion
 31098 | Snake:4  | Reached skill level 10 in Earth Magic
 31242 | Snake:4  | Killed Vashnia
 32618 | Snake:4  | Reached XP level 18. HP: 179/193 MP: 14/17
 32890 | Snake:4  | Got a serpentine rune of Zot
 33182 | Swamp:1  | Entered Level 1 of the Swamp
 33849 | Swamp:1  | Noticed Kirke
 33927 | Swamp:1  | Paralysed by a sphinx for 3 turns
 33945 | Swamp:1  | HP: 3/193 [eight-headed hydra (16)]
 33945 | Swamp:1  | Mangled by an eight-headed hydra

Vault maps used:
D:1:      dpeg_arrival_round_b, minivault_11, minmay_misc_feat_five,
          serial_bayou_pond_c
D:2:      grunt_ashenzari_visionary, uniq_crazy_yiuf_cottage
D:3:      first_bread, uniq_natasha
D:5:      gammafunk_temple_overflow_elements, lemuel_doored_altar,
          hangedman_decor_growths, uniq_eustachio, uniq_prince_ribbit1
D:7:      minmay_temple_entry_from_below_a, grunt_ogre_cave, uniq_joseph,
          uniq_pikel
D:8:      kennysheep_big_flooded_room, serial_bayou_pond_e
D:9:      minitemple
D:10:     dpeg_lair_monsters, uniq_urug
D:11:     uniq_erica, uniq_nergalle
D:12:     cheibrodos_stairvault_heist, david_orc_5
D:13:     hangedman_vaults_entry_quadrant_bands
D:14:     minmay_fountain_box
D:15:     gammafunk_enter_depths_forms, minmay_misc_feat_rows,
          corexii_corridor_pit, wad_rectangle_vault
Lair:1:   nicolae_volcano_entry_s_turn, roderic_batcave, grunt_megastairs_2
Lair:3:   minmay_snake_entry_guardpost_medium
Lair:4:   minmay_swamp_entry_wisps, grunt_megastairs_4
Lair:6:   slime_altar_1, uniq_josephine, uniq_maud
Lair:8:   evilmike_catoblepas_cave
Swamp:1:  evilmike_swamp_ruin_house_6, swamp_pool1, ldierk_geyser,
          infiniplex_staircase_pool, uniq_kirke
Snake:1:  basic_altar, serial_shops, nicolae_shop_overgrown_old_shop
Snake:4:  grunt_snake_rune_serpentine_throne, nicolae_snake_springs,
          uniq_asterion, uniq_louise, uniq_vashnia, uniq_aizul
Orc:1:    nicolae_orc_jurassic_orc, minmay_orc_keep
Orc:2:    minmay_goldmine, basic_altar, uniq_snorg
Orc:3:    serial_shops, nicolae_shop_temple_entry_statues_fountains,
          nicolae_orc_pool_cavern, mines4_lemuel
Orc:4:    pubby_orc_utopia
Volcano:  volcano_lake

Action                   |  1- 3 |  4- 6 |  7- 9 | 10-12 | 13-15 | 16-18 || total
-------------------------+-------+-------+-------+-------+-------+-------++-------
Melee: Unarmed           |   108 |   113 |   312 |   894 |  1828 |  1465 ||  4720
Throw: Large rock        |       |       |       |       |       |    10 ||    10
Invok: Scrying           |       |       |       |     2 |     2 |     4 ||     8
Evoke: Wand              |       |       |     1 |     8 |     3 |     7 ||    19
  Use: Potion            |       |     1 |     4 |     1 |       |    10 ||    16
       Scroll            |       |     1 |     1 |    26 |    14 |    18 ||    60
 Stab: Invisible         |       |       |     3 |       |     7 |       ||    10
       Sleeping          |       |       |       |     1 |     5 |     1 ||     7
       Distracted        |       |       |       |       |     1 |     1 ||     2
  Eat: Chunk             |    15 |    11 |    24 |    74 |    75 |    50 ||   249
       Bread ration      |       |       |     2 |     1 |     4 |     3 ||    10
       Meat ration       |       |       |       |       |     3 |     3 ||     6
       Fruit             |       |       |       |       |       |     4 ||     4
